 Dungeon Crawl Stone Soup version 0.28-a0-834-g1a73be5ee4 (webtiles) character file.

Game seed: 18412088755973517474

4868 graki42 the Arsonist (level 10, 0/50 HPs)
             Began as a Deep Elf Fire Elementalist on Nov 11, 2021.
             Was a Believer of Vehumet.
             Succumbed to a kobold brigand's poison
             ... on level 10 of the Dungeon.
             The game lasted 00:31:59 (11324 turns).

graki42 the Arsonist (Deep Elf Fire Elementalist)  Turns: 11324, Time: 00:32:00

Health: 0/50       AC:  3    Str:  8    XL:     10   Next: 26%
Magic:  5/34       EV: 12    Int: 23    God:    Vehumet [**....]
Gold:   315        SH:  0    Dex: 12    Spells: 6/28 levels left

rFire   + + .      SeeInvis .   q - +0 dagger of Popular Demand {pain, rF++ Dex-3}
rCold   . . .      Faith    .   (no shield)
rNeg    . . .      Spirit   .   a - +0 robe
rPois   .          Reflect  .   A - +0 helmet
rElec   .          Harm     .   (no cloak)
rCorr   .          Rampage  .   (no gloves)
Will    +++..                   (no boots)
Stlth   ++........              w - amulet of magic regeneration
HPRegen 0.16/turn               i - ring of willpower
MPRegen 0.24/turn               k - ring of magical power

@: lethally poisoned (0 -> -1), very slightly contaminated
A: talons 1, clever 1, strong-willed 1
a: Renounce Religion


You were on level 10 of the Dungeon.
You worshipped Vehumet.
Vehumet was pleased with you.
You visited 2 branches of the dungeon, and saw 11 of its levels.
You also visited: Sewer.

You collected 603 gold pieces.
You spent 288 gold pieces at shops.

Inventory:

Hand Weapons
 q - the +0 dagger of Popular Demand (weapon) {pain, rF++ Dex-3}
   (You took it off a hobgoblin on level 4 of the Dungeon)

   In the hands of one skilled in necromantic magic, it inflicts extra damage on
   living creatures.
   Dex:       It affects your dexterity (-3).
   rF:        It greatly protects you from fire.
Armour
 a - a +0 robe (worn)
 A - a +0 helmet (worn)
Magical Staves
 j - a staff of earth
Jewellery
 i - a ring of willpower (left hand)
 k - a ring of magical power (right hand)
 p - a ring of ice
 u - a ring of flight
 w - an amulet of magic regeneration (around neck)
 D - a ring of protection from fire
 F - an amulet of faith
 G - a +6 ring of strength
Wands
 l - a wand of flame (56)
 t - a wand of paralysis (4)
 B - a wand of iceblast (7)
 C - a wand of mindburst (16)
 E - a wand of charming (9)
Scrolls
 d - a scroll of enchant armour
 e - a scroll of vulnerability
 h - 2 scrolls of magic mapping {unknown}
 m - 2 scrolls of immolation
 n - a scroll of brand weapon
 o - 2 scrolls of fog {unknown}
 r - 3 scrolls of identify
 v - 4 scrolls of fear {unknown}
 y - a scroll of enchant weapon
Potions
 b - 5 potions of haste
 c - 4 potions of heal wounds
 f - 3 potions of curing
 g - 2 potions of lignification
 s - 2 potions of might
 x - 2 potions of flight
 z - a potion of magic
 H - a potion of cancellation {unknown}


   Skills:
 - Level 3.0 Dodging
 - Level 3.0 Stealth
 + Level 9.5 Spellcasting
 + Level 9.2 Conjurations
 - Level 7.0 Hexes
 + Level 10.2 Fire Magic


You had 6 spell levels left.
You knew the following spells:

 Your Spells              Type           Power      Damage    Failure   Level
a - Foxfire               Conj/Fire      100%       2x1d9     1%          1
b - Scorch                Fire           100%       2d10      1%          2
c - Conjure Flame         Conj/Fire      54%        6-21      1%          3
d - Inner Flame           Hex/Fire       50%        N/A       1%          3
e - Fireball              Conj/Fire      27%        3d12      3%          5
f - Flame Wave            Conj/Fire      54%        3d10      1%          4
g - Sticky Flame          Conj/Fire      54%        2d7       1%          4

Your spell library contained the following spells:

 Spells                   Type           Power      Damage    Failure   Level
 Searing Ray              Conj           100%       2d8       1%          2
 Pain                     Necr           40%        1d6       6%          1
 Blink                    Tloc           20%        N/A       9%          2
 Lesser Beckoning         Tloc           10%        N/A       19%         3
 Ozocubu's Armour         Ice            10%        N/A       19%         3
 Metabolic Englaciation   Hex/Ice        13%        N/A       36%         5
 Yara's Violent Unravell  Hex/Tmut       13%        3d7       36%         5
 Agony                    Necr           10%        N/A       86%         5
 Alistair's Intoxication  Tmut/Pois      6%         N/A       86%         5
 Blade Hands              Tmut           5%         N/A       86%         5
 Excruciating Wounds      Necr           5%         N/A       86%         5
 Manifold Assault         Tloc           10%        N/A       86%         5
 Simulacrum               Ice/Necr       5%         N/A       100%        6
 Ignition                 Fire           27%        3d9       99%         8


Dungeon Overview and Level Annotations

Branches:
Dungeon (10/15)            Temple (1/1) D:6           Sewer (visited)
   Lair: D:8-11         Orc: D:9-12

Altars:
Cheibriados
Elyvilon
Gozag
Hepliaklqana
Makhleb
Nemelex Xobeh
Okawaru
Ru
Sif Muna
Trog
Uskayaw
Vehumet
Xom
Zin
The Shining One

Shops:
D:4 =   D:7 :

Annotations:
D:4 2 transporters


Innate Abilities, Weirdness & Mutations

You have sharp toenails.
Your mind is acute. (Int +2)
You are strong-willed. (Will+)


Message History

Vehumet accepts your kill.
You feel your power returning.
You feel very sick.
Casting: Fireball (dangerous; 3% risk of failure)
Confirm with . or Enter, or press ? or * to list all spells.
Aiming: Fireball (dangerous; 3% risk of failure)
Press: ? - help, Shift-Dir - straight line, f - kobold brigand
Aim: a kobold brigand, wielding a +0 dagger and quivering poisoned darts (severely wounded)
The fireball explodes!
The fireball engulfs the kobold brigand!!
You kill the kobold brigand!
Vehumet accepts your kill.
You feel sick.
Casting: Fireball (dangerous; 3% risk of failure)
Confirm with . or Enter, or press ? or * to list all spells.
Aiming: Fireball (dangerous; 3% risk of failure)
Press: ? - help, Shift-Dir - straight line, f - soul eater
Aim: a soul eater (moderately wounded, summoned)
The fireball explodes!
The fireball engulfs the soul eater!!
The soul eater is heavily wounded.
You feel sick.
You hear a shout!
Casting: Fireball (dangerous; 3% risk of failure)
Confirm with . or Enter, or press ? or * to list all spells.
You don't have enough magic to cast this spell.
Unknown command.
You feel sick.
The soul eater draws from the surrounding life force!
* * * LOW HITPOINT WARNING * * *
The soul eater is healed.
* * * LOW HITPOINT WARNING * * *
You feel sick.
* * * LOW HITPOINT WARNING * * *
You feel sick.
* * * LOW HITPOINT WARNING * * *
You feel sick.
There is an open door here.
* * * LOW HITPOINT WARNING * * *
You feel sick.
You die...

############
#..........#
#.†........#
#..........#
#..........#
#..........+
#..>.......#
#..........#
#.<..@.....#
#..........#
#######'####
#.# ##3# #..#
#K##
######K#####..#
#..........3KK#


There were no monsters in sight!

Vanquished Creatures
  A two-headed ogre (D:8)
  A troll (D:10)
  Grinder (D:3)
  2 wyverns
  A wraith (D:9)
  2 water moccasins
  2 hornet zombies
  2 ice beasts (D:6)
  A sky beast (D:8)
  3 ogres (D:5)
  4 orc warriors
  A centaur (D:7)
  4 kobold brigands
  4 bullfrogs
  2 scorpions
  A wyvern skeleton (D:7)
  6 killer bees
  4 wights (D:8)
  A howler monkey (D:10)
  2 centaur zombies (D:9)
  3 hounds
  2 orc priests (D:9)
  2 bullfrog skeletons
  Jessica (D:3)
  5 iguanas
  8 orc wizards
  A hound zombie (D:5)
  A howler monkey zombie (D:9)
  7 adders
  A white imp (D:8)
  2 ufetubi
  A worm (D:5)
  2 dart slugs (D:2)
  30 orcs
  9 endoplasms
  7 giant cockroaches
  5 goblins
  5 hobgoblins
  17 jackals
  22 kobolds
  5 quokkas
  10 ball pythons
  6 bats
  10 frilled lizards
  8 rats
215 creatures vanquished.

Vanquished Creatures (collateral kills)
  6 foxfires (Sewer)
6 creatures vanquished.

Vanquished Creatures (others)
  452 foxfires
  13 plants
465 creatures vanquished.

Grand Total: 686 creatures vanquished

Notes
Turn   | Place    | Note
-------+----------+-------------------------------------------
     0 | D:1      | graki42 the Deep Elf Fire Elementalist began the quest for
                  | the Orb.
     0 | D:1      | Reached XP level 1. HP: 10/10 MP: 6/6
   287 | D:1      | Reached XP level 2. HP: 14/15 MP: 6/8
   705 | D:1      | Learned a level 2 spell: Scorch
   794 | D:2      | Found a faded altar of an unknown god.
   862 | D:2      | Reached XP level 3. HP: 19/19 MP: 5/9
  1014 | D:2      | Reached skill level 4 in Fire Magic
  1228 | D:2      | Found an iron altar of Okawaru.
  1497 | D:3      | Reached XP level 4. HP: 23/24 MP: 2/11
  2003 | D:3      | Noticed Jessica
  2078 | D:3      | Noticed Grinder
  2084 | D:3      | Killed Grinder
  2085 | D:3      | Reached skill level 5 in Fire Magic
  2085 | D:3      | Reached XP level 5. HP: 28/28 MP: 12/12
  2085 | D:3      | Reached XP level 6. HP: 32/32 MP: 12/13
  2089 | D:3      | Learned a level 3 spell: Conjure Flame
  2279 | D:3      | Killed Jessica
  2757 | D:3      | Found a bloodstained altar of Trog.
  2988 | D:4      | Reached skill level 6 in Fire Magic
  3045 | D:4      | Found a transporter.
  3052 | D:4      | Found a transporter.
  3317 | D:4      | Identified the +0 dagger of Popular Demand {pain, rF++
                  | Dex-3}
  3377 | D:4      | Reached skill level 5 in Conjurations
  3504 | D:4      | Learned a level 3 spell: Inner Flame
  3553 | D:4      | Found Vonikes's Jewellery Shoppe.
  3916 | D:5      | Entered Level 5 of the Dungeon
  3933 | D:5      | Reached XP level 7. HP: 36/36 MP: 14/14
  4399 | D:5      | Reached skill level 1 in Hexes
  5109 | D:5      | Reached skill level 7 in Fire Magic
  5275 | D:6      | Identified a scroll of acquirement
  5275 | D:6      | Acquired Ihi San's Collected Works on Igneous Shape
                  | Shifting
  5282 | D:6      | Learned a level 4 spell: Flame Wave
  5331 | D:6      | Found a glowing drain.
  5349 | D:6      | Reached XP level 8. HP: 41/41 MP: 17/17
  5353 | Sewer    | Entered a sewer
  5975 | Sewer    | Gained mutation: You are strong-willed. (Will+) [potion of
                  | mutation]
  5975 | Sewer    | Gained mutation: You have sharp toenails. [potion of
                  | mutation]
  5975 | Sewer    | Gained mutation: Your mind is acute. (Int +2) [potion of
                  | mutation]
  6062 | D:6      | Reached skill level 5 in Spellcasting
  6338 | D:6      | Found a sparkling altar of Nemelex Xobeh.
  6882 | D:6      | Found a staircase to the Ecumenical Temple.
  6891 | Temple   | Entered the Ecumenical Temple
  6956 | Temple   | Became a worshipper of Vehumet
  7249 | D:7      | Reached skill level 5 in Hexes
  7249 | D:7      | Reached skill level 8 in Fire Magic
  7627 | D:7      | Found Marchyo's Book Emporium.
  7633 | D:7      | Bought the Incunabulum of Lethal Transmutation for 288 gold
                  | pieces
  7639 | D:7      | Learned a level 5 spell: Fireball
  7647 | D:7      | Found a shimmering blue altar of Sif Muna.
  7904 | D:8      | Reached XP level 9. HP: 45/45 MP: 20/21
  8378 | D:8      | Reached * piety under Vehumet
  8378 | D:8      | Offered knowledge of Magic Dart by Vehumet.
  8835 | D:8      | Noticed a two-headed ogre
  8841 | D:8      | Killed a two-headed ogre
  8842 | D:8      | Reached skill level 9 in Fire Magic
  9618 | D:8      | Learned a level 4 spell: Sticky Flame
  9858 | D:9      | Reached XP level 10. HP: 27/50 MP: 14/24
 10567 | D:9      | Reached skill level 10 in Fire Magic
 10617 | D:9      | Offered knowledge of Searing Ray by Vehumet.
 10749 | D:9      | Reached ** piety under Vehumet
 11220 | D:10     | Entered Level 10 of the Dungeon
 11312 | D:10     | Noticed a soul eater
 11322 | D:10     | HP: 2/50 [poisoned by a kobold brigand]
 11324 | D:10     | Succumbed to a kobold brigand's poison

Illustrated notes

Levels and vault maps discovered:
D:1:      dpeg_arrival_rooms_with_view, layout_loops_cross
D:2:      wad_pebble_path, layout_rooms, basic_altar,
          hellmonk_ecumenical_altar_zigzags
D:3:      layout_basic, trog_butcher_becter, uniq_jessica, uniq_grinder
D:4:      layout_loops_ring, serial_shops, nicolae_shop_window_shopping,
          gammafunk_ghost_gnarly_gnolls, corexii_shack
D:5:      layout_basic, corner_web_ring
D:6:      layout_loops_ring, mainiacjoe_overflow_catwalk,
          lemuel_temple_firewalk_b, cheibrodos_sewer_entry_drain, hex_tiny,
          dk_noncrumbling_3
D:7:      layout_rooms, nicolae_sif_muna_little_library, serial_shops, shop,
          serial_glass, glass_columns_a, glass_columns_a,
          minmay_misc_feat_more_columns
D:8:      layout_basic, minmay_crystal_room, minmay_diced_spiral
D:9:      layout_loops_corners
D:10:     layout_roguey, dpeg_oklobed_lair, minmay_misc_feat_nine_boxes
Temple:   mainiacjoe_temple_bowtie_tessellation

Skill      XL: |  1  2  3  4  5  6  7  8  9 10 |
---------------+-------------------------------+-----
Stealth        | 3 |  3.0
Dodging        | 3 |  3.0
Fire Magic     | 4 5 6 7 8 9 10 | 10.2
Conjurations   | 2 4 5 6 7 8 9 |  9.2
Hexes          | 3 5 7 |  7.0
Spellcasting   | 4 6 8 9 |  9.5

Action                   |  1- 3 |  4- 6 |  7- 9 | 10-12 || total
-------------------------+-------+-------+-------+-------++-------
Melee: Unarmed           |     3 |       |       |       ||     3
       Whip              |       |    15 |       |       ||    15
       Dagger            |       |    17 |    10 |     4 ||    31
 Cast: Foxfire           |    65 |    68 |   127 |     2 ||   262
       Scorch            |       |     7 |    37 |       ||    44
       Conjure Flame     |       |       |     2 |       ||     2
       Flame Wave        |       |       |    17 |       ||    17
       Inner Flame       |       |       |     4 |     1 ||     5
       Fireball          |       |       |     6 |    20 ||    26
       Sticky Flame      |       |       |       |     3 ||     3
  Use: Scroll            |       |     3 |     6 |     1 ||    10
       Potion            |       |     2 |     7 |       ||     9
 Stab: Sleeping          |       |     2 |       |     1 ||     3
Armor: Robe              |       |     5 |     3 |     1 ||     9
Dodge: Dodged            |     9 |    47 |    46 |    10 ||   112

Table legend: (Time is in decaauts)
 A = Elapsed time spent in this place.
 B = Non-inter-level travel time spent in this place.
 C = Inter-level travel time spent in this place.
 D = Time resting spent in this place.
 E = Time spent auto-exploring this place.
 F = Levels seen in this place.
 G = Mean time per level.
                   A        B        C        D        E       F      G
               +--------+--------+--------+--------+--------+-----+--------+
         Total |  11464 |  11104 |    360 |   1933 |   7673 |  12 |  955.3 |
       Dungeon |  10544 |  10219 |    325 |   1895 |   7073 |  10 | 1054.4 |
        Temple |    100 |     65 |     35 |      0 |     52 |   1 |  100.0 |
         Sewer |    820 |    820 |      0 |     38 |    548 |   1 |  820.0 |
               +--------+--------+--------+--------+--------+-----+--------+

Top non-repeatable levels by time:
     D:9: 1549 daAuts
     D:8: 1509 daAuts
     D:5: 1300 daAuts
     D:3: 1294 daAuts
     D:6: 1233 daAuts
     D:4: 1029 daAuts
     D:7: 945 daAuts
     D:2: 852 daAuts
   Sewer: 820 daAuts
     D:1: 726 daAuts
    D:10: 103 daAuts
  Temple: 100 daAuts
